 Dungeon Crawl Stone Soup version 0.28.0 (webtiles) character file.

Game seed: 5294215465250575498

244 SnakkuSnakku7 the Magician (level 6, -2/43 HPs)
             Began as a Djinni Gladiator on Feb 10, 2022.
             Slain by a bullfrog (7 damage)
             ... in a sewer.
             The game lasted 00:05:02 (2676 turns).

SnakkuSnakku7 the Magician (Djinni Gladiator)       Turns: 2676, Time: 00:05:03

Health: -2/43      AC:  4    Str: 13    XL:     6   Next: 32%
Gold:   104        EV: 12    Int: 12    God:
                   SH:  0    Dex: 14

rFire   + + .      SeeInvis .   a - +0 quarterstaff
rCold   x . .      Faith    .   (shield currently unavailable)
rNeg    . . .      Spirit   .   b - +0 leather armour
rPois   ∞          Reflect  .   c - +0 helmet
rElec   .          Harm     .   (no cloak)
rCorr   .          Rampage  .   (no gloves)
Will    .....                   (boots unavailable)
Stlth   +.........              (no amulet)
HPRegen 0.14/turn               (no ring)
MPRegen 0.00/turn               (no ring)

@: wereblooded, flying, hasted, very quick
A: sickness immunity, fire resistance 2, cold vulnerability 1, float, innate
caster, HP casting, extra vitality 1
a: no special abilities


You were in a sewer.
You visited 1 branch of the dungeon, and saw 3 of its levels.
You also visited: Sewer.

You collected 104 gold pieces.

Inventory:

Hand Weapons
 a - a +0 quarterstaff (weapon)
Missiles
 d - 3 throwing nets
Armour
 b - a +0 leather armour (worn)
 c - a +0 helmet (worn)
Scrolls
 f - a scroll of identify {unknown}
 g - a scroll of fear {unknown}
 h - 4 scrolls of blinking {unknown}
 k - a scroll of teleportation {unknown}
Potions
 i - a potion of curing {unknown}
 l - a potion of brilliance {unknown}
 m - a potion of lignification {unknown}


   Skills:
 - Level 2.0 Fighting
 - Level 2.6 Staves
 - Level 1.5 Throwing
 - Level 3.2 Dodging
 + Level 4.3 Spellcasting


You had 10 spell levels left.
You knew the following spells:

 Your Spells              Type           Power      Damage    Failure   Level
a - Summon Small Mammal   Summ           52%        N/A       4%          1
b - Wereblood             Tmut           13%        N/A       7%          2
Your spell library was empty.

Dungeon Overview and Level Annotations

Branches:
Dungeon (3/15)              Sewer (1/1)

Altars:
Hepliaklqana

Shops:
D:1 =


Innate Abilities, Weirdness & Mutations

You are immune to sickness and miasma.
You are immune to poison.
Your flesh is very heat resistant. (rF++)
You are vulnerable to cold. (rC-)
You float through the air rather than walking.
You learn spells naturally, not from books.
Your magical power is your life essence.
You have superior vitality. (+4 MHP)


Message History

The bullfrog hits you! The ball python misses you. x2
Unknown command.
You closely miss the ball python. The bullfrog hits you.
The ball python misses you. The ball python grabs you.
The ball python constricts you.
The ball python bites you but does no damage.
The bullfrog hits you.
The ball python bites you but does no damage.
The ball python constricts you.
You hit the ball python.
You feel a bit better.
You kill the ball python!
The bullfrog closely misses you. The ball python bites you.
The ball python constricts you. The bullfrog barely misses you.
Unknown command.
You hit the ball python.
The ball python is moderately wounded.
The ball python closely misses you. The ball python constricts you.
The bullfrog hits you.
* * * LOW HITPOINT WARNING * * *
The ball python barely misses you. The ball python constricts you.
* * * LOW HITPOINT WARNING * * *
The ball python's grasp on you weakens, but your attempt to escape fails.
The bullfrog barely misses you.
The bullfrog hits you but does no damage.
The ball python closely misses you. The ball python constricts you.
You escape the ball python's grasp.
The bullfrog misses you.
You aren't carrying any items that you can evoke.
Unknown command.
You feel yourself speed up. The bullfrog completely misses you.
The ball python closely misses you. x2
The bullfrog hits you.
* * * LOW HITPOINT WARNING * * *
The ball python closely misses you. The ball python grabs you.
The ball python constricts you.
You escape the ball python's grasp.
The bullfrog barely misses you.
The bullfrog hits you but does no damage.
You howl as the wereblood boils in your veins!
The bullfrog hits you!
You die...

######### ###≈≈≈≈≈≈≈###
##.≈≈.≈≈≈≈..≈##
#####≈≈≈≈≈≈≈≈†.≈≈≈##
##∩##≈≈≈≈≈#####≈≈≈≈≈##
#≈≈#†≈.≈###≈≈≈###.≈.≈#
##.≈#≈≈†##≈≈.≈≈.≈##≈≈≈#
#..##≈≈##≈≈≈≈.≈≈≈≈##≈≈##
#††#.≈≈#≈≈≈≈SF@≈≈≈≈#.≈≈#
#..#≈≈##≈≈.#####...##≈≈#
##†##≈≈#≈≈≈## ##≈≈≈#≈≈##
#.≈#.≈≈#≈≈## ##††#≈≈≈#
#≈≈#†###≈≈# #≈≈##≈≈#
#≈†#≈#≈.r## ##≈≈#≈≈#
#≈.#≈#∩B≈# #≈≈#††#
#≈≈#≈#≈≈≈# #≈≈#.≈#
#≈≈#.##≈≈# #≈.#.≈#


You could see a bullfrog and a ball python.

Vanquished Creatures
  A bullfrog (Sewer)
  6 adders
  3 worms (D:2)
  3 dart slugs
  15 ball pythons
  10 endoplasms
  14 giant cockroaches
  6 goblins
  5 hobgoblins
  6 jackals
  8 kobolds
  7 quokkas
  7 bats
  14 frilled lizards
  5 rats
110 creatures vanquished.

Vanquished Creatures (others)
  25 plants (D:3)
25 creatures vanquished.

Grand Total: 135 creatures vanquished

Notes
Turn   | Place    | Note
-------+----------+-------------------------------------------
     0 | D:1      | SnakkuSnakku7 the Djinni Gladiator began the quest for the
                  | Orb.
     0 | D:1      | Reached XP level 1. HP: 18/18 MP: 0/0
   123 | D:1      | Reached skill level 1 in Spellcasting
   123 | D:1      | Reached XP level 2. HP: 21/23 MP: 0/0
   301 | D:1      | Reached XP level 3. HP: 21/28 MP: 0/0
   301 | D:1      | Learned a level 1 spell: Summon Small Mammal
   507 | D:1      | Reached skill level 2 in Spellcasting
   520 | D:1      | Found Olesul's Jewellery Boutique.
   848 | D:2      | Found a hazy altar of Hepliaklqana.
  1031 | D:2      | Noticed a black bear
  1038 | D:2      | Reached XP level 4. HP: 32/33 MP: 0/0
  1884 | D:3      | Found a faded altar of an unknown god.
  1895 | D:3      | Reached skill level 3 in Spellcasting
  2116 | D:3      | Reached XP level 5. HP: 15/38 MP: 0/0
  2116 | D:3      | Learned a level 2 spell: Wereblood
  2216 | D:3      | Found a glowing drain.
  2234 | Sewer    | Entered a sewer
  2643 | Sewer    | Noticed a bullfrog
  2644 | Sewer    | Noticed a bullfrog
  2653 | Sewer    | Killed a bullfrog
  2654 | Sewer    | Reached skill level 4 in Spellcasting
  2654 | Sewer    | Reached XP level 6. HP: 17/43 MP: 0/0
  2676 | Sewer    | Slain by a bullfrog

Illustrated notes

Levels and vault maps discovered:
D:1:      dpeg_arrival_simpleton_c, layout_loops_corners, serial_shops,
          nicolae_shop_trees
D:2:      layout_rooms, basic_altar, minmay_hexomino_f4
D:3:      layout_basic, hellmonk_ecumenical_altar_dog_temple,
          portal_sewer_entry_d, serial_bayou_lagoon_a
Sewer:    sewer_frog_island_02

Skill      XL: |  1  2  3  4  5 |
---------------+----------------+-----
Spellcasting   | 1 2 3 4 |  4.3
Fighting       | |  2.0
Staves         | |  2.6
Throwing       | |  1.5
Dodging        | |  3.2

Action                   |  1- 3 |  4- 6 || total
-------------------------+-------+-------++-------
Melee: Quarterstaff      |    87 |   265 ||   352
 Cast: Wereblood         |       |     4 ||     4
  Use: Potion            |       |     4 ||     4
 Stab: Sleeping          |       |     2 ||     2
Armor: Leather armour    |    33 |   126 ||   159
Dodge: Dodged            |    68 |   280 ||   348
